 Dungeon Crawl Stone Soup version 0.21-a0-279-g6037ffb (webtiles) character file.

359988 4thArraOfDagon the Executioner (level 21, -44/190 HPs)
             Began as a Minotaur Abyssal Knight on Sept 23, 2017.
             Was a Follower of Makhleb.
             Annihilated by a titanic slime creature (48 damage)
             ... on level 4 of the Abyss on Sept 24, 2017.
             The game lasted 02:29:26 (25920 turns).

4thArraOfDagon the Executioner (MiAK)              Turns: 25920, Time: 02:29:27

Health: -44/190    AC: 28    Str: 23    XL:     21   Next: 12%
Magic:  26/26      EV: 16    Int: 11    God:    Makhleb [*.....]
Gold:   3100       SH:  0    Dex: 17    Spells: 16/32 levels left

rFire    + . .     SeeInvis +   H - +5 executioner's axe "Wug Qizo" {drain, +Inv rF- SInv}
rCold    + + +     Gourm    .   (shield currently unavailable)
rNeg     + + +     Faith    .   Y - +5 plate armour "Jointis" {rN+++ rCorr Dex-5 Slay+3}
rPois    +         Spirit   .   (helmet unavailable)
rElec    +         Reflect  .   Z - scarf {repulsion}
rCorr    +         Harm     +   F - +1 pair of gloves of the Townfolk {rElec rC+}
MR       +++..                  m - +2 pair of boots
Stlth    ..........             S - amulet of Kozuxeczu {Harm *Drain rC++ Int-3 Dex+7}
HPRegen  0.81/turn              Q - ring "Rumeib" {rN+ MR+ Dex+4 Stlth+}
MPRegen  0.20/turn              E - ring "Eligivuv" {rPois rF++ Stlth+}

@: afraid, repel missiles
A: retaliatory headbutt, hooves 1, horns 3, blink, dopey 1, low mp 1, magic
resistance 1, regeneration 1, strong 2
}: 3/15 runes: decaying, serpentine, slimy
a: Blink, Renounce Religion, Evoke Invisibility


You were on level 4 of the Abyss.
You worshipped Makhleb.
Makhleb was aware of your devotion.
You were not hungry.

You visited 8 branches of the dungeon, and saw 41 of its levels.
You visited the Abyss 7 times.
You also visited: Sewer and Ice Cave.

You collected 4567 gold pieces.
You spent 1467 gold pieces at shops.

Inventory:

Hand Weapons
 f - the +9 arbalest "Ejaoval" {speed, Str+3 Int+2, unknown}
   (You found it on level 1 of the Vaults)

   Attacks with this weapon are significantly faster.
   It affects your strength (+3).
   It affects your intelligence (+2).
 q - a +9 executioner's axe of holy wrath
 H - the +5 executioner's axe "Wug Qizo" (weapon) {drain, +Inv rF- SInv}
   (You acquired it on level 2 of the Elven Halls)

   A truly terrible weapon, it drains the life of those it strikes.
   It makes you vulnerable to fire.
   It lets you see invisible.
   It lets you turn invisible.
Missiles
 c - 2 throwing nets (quivered)
Armour
 b - the +1 hat of Jamyst {Str+2 Dex+2}
   (You found it on level 15 of the Dungeon)

   It affects your strength (+2).
   It affects your dexterity (+2).
 m - a +2 pair of boots (worn)
 w - the scarf of Loss {rF- rC+ Str+2 SInv}
   (You acquired it on level 1 of the Vaults)

   It affects your strength (+2).
   It makes you vulnerable to fire.
   It protects you from cold.
   It lets you see invisible.
 F - the +1 pair of gloves of the Townfolk (worn) {rElec rC+}
   (You bought it in a shop on level 15 of the Dungeon)

   It protects you from cold.
   It insulates you from electricity.
 Y - the +5 plate armour "Jointis" (worn) {rN+++ rCorr Dex-5 Slay+3}
   (You bought it in a shop on level 15 of the Dungeon)

   It affects your dexterity (-5).
   It affects your accuracy and damage with ranged weapons and melee attacks
   (+3).
   It renders you almost immune to negative energy.
   It protects you from acid and corrosion.
 Z - a scarf of repulsion (worn)
Magical Staves
 z - an uncursed staff of wizardry {!a}
Jewellery
 i - the amulet of Mem Miwk {RegenMP rElec Slay+3}
   (You found it on level 1 of the Abyss)

   [amulet of magic regeneration]

   It increases your magic regeneration.
   It affects your accuracy and damage with ranged weapons and melee attacks
   (+3).
   It insulates you from electricity.
 E - the ring "Eligivuv" (right hand) {rPois rF++ Stlth+}
   (You took it off a deep elf sorcerer on level 3 of the Elven Halls)

   [ring of stealth]

   It greatly protects you from fire.
   It protects you from poison.
   It makes you more stealthy.
 G - the ring "Ytom" {rElec MR+ MP+9 Str-4}
   (You found it on level 3 of the Elven Halls)

   [ring of magical power]

   It affects your strength (-4).
   It insulates you from electricity.
   It affects your resistance to hostile enchantments.
   It affects your magic capacity (+9).
 P - the amulet "Bofixt" {Faith rN+ Int+3}
   (You found it on level 5 of the Pits of Slime)

   [amulet of faith]

   It allows you to gain divine favour quickly.
   It affects your intelligence (+3).
   It protects you from negative energy.
 Q - the ring "Rumeib" (left hand) {rN+ MR+ Dex+4 Stlth+}
   (You found it on level 14 of the Dungeon)

   [ring of stealth]

   It affects your dexterity (+4).
   It protects you from negative energy.
   It affects your resistance to hostile enchantments.
   It makes you more stealthy.
 S - the amulet of Kozuxeczu (around neck) {Harm *Drain rC++ Int-3 Dex+7}
   (You found it on level 3 of the Elven Halls)

   [amulet of harm]

   It increases damage dealt and taken.
   It affects your intelligence (-3).
   It affects your dexterity (+7).
   It greatly protects you from cold.
   It causes draining when unequipped.
Wands
 l - a wand of acid (7/15)
 o - a wand of paralysis (6/24)
 t - a wand of digging (7/24)
 J - a wand of clouds (1/9)
Scrolls
 g - 9 scrolls of teleportation
 k - 20 scrolls of remove curse
 v - 3 scrolls of magic mapping
 y - 9 scrolls of blinking
 A - 2 scrolls of fog
 C - a scroll of vulnerability
 K - 4 scrolls of recharging
 L - a scroll of enchant armour
 O - 5 scrolls of immolation
 T - 2 scrolls of silence
Potions
 a - 2 potions of resistance
 d - 2 potions of brilliance
 e - 3 potions of curing
 j - 3 potions of cancellation
 n - 3 potions of lignification
 p - 2 potions of agility
 r - a potion of berserk rage
 s - a potion of heal wounds
 u - 3 potions of mutation
 B - 3 potions of haste
 D - 5 potions of flight
 I - a potion of ambrosia
 V - 4 potions of magic
Miscellaneous
 x - a lightning rod (4/4)
 N - a lamp of fire
 R - a phial of floods
 U - 2 boxes of beasts
 W - 3 sacks of spiders
 X - a phantom mirror
Comestibles
 h - 14 meat rations
 M - 11 bread rations


   Skills:
 + Level 16.8 Fighting
 * Level 25.3 Axes
 + Level 16.2 Armour
 + Level 14.1 Dodging
 + Level 6.0 Spellcasting
 * Level 5.9 Charms
 * Level 7.3 Necromancy
 + Level 13.3 Invocations
 - Level 4.3 Evocations


You had 16 spell levels left.
You knew the following spells:

 Your Spells              Type           Power        Failure   Level  Hunger
a - Controlled Blink      Tloc           N/A          100%        8    #######
b - Swiftness             Chrm/Air       #.......     54%         2    ##.....
c - Regeneration          Chrm/Necr      ###.......   28%         3    ###....
d - Spectral Weapon       Hex/Chrm       #.......     78%         3    ###....


Dungeon Overview and Level Annotations

Branches:
Dungeon (15/15)            Temple (0/1) D:6            Lair (6/6) D:9
  Swamp (4/4) Lair:4        Snake (4/4) Lair:3        Slime (5/5) Lair:5
    Orc (2/2) D:12            Elf (3/3) Orc:2        Vaults (2/5) D:14
 Depths (0/5) D:15
  Crypt: Vaults:2-3

Altars:
Ashenzari
Hepliaklqana
Kikubaaqudgha
Makhleb
Xom
Jiyva

Shops:
D:7 }   D:15 [*[   Orc:2 :*[(   Snake:1 ?

Portals:
Hell: Lair:6
Trove: D:10 (give +6 demon whip)

Annotations:
D:6 Eustachio
D:7 Joseph
D:10 Syneil's ghost, journeyman GrGl
D:11 1 runed door
D:14 corrupted
Snake:4 corrupted
Elf:1 exclusion: Roxanne, Roxanne
Elf:3 corrupted
Vaults:2 Sojobo


Innate Abilities, Weirdness & Mutations

You reflexively headbutt those who attack you in melee.
You have a pair of large horns on your head.
You have large cloven feet.
You can translocate small distances at will.
You are dopey. (Int -2)
Your magical capacity is low. (-10% MP)
You are resistant to hostile enchantments. (MR+)
Your natural rate of healing is unusually fast.
Your muscles are very strong. (Str +4)


Message History

A titanic slime creature splits.
The floating eye's view fixates on you. The cacodemon hits you.
* * * LOW HITPOINT WARNING * * *
The cacodemon closely misses you.
A large abomination comes into view.
Unknown command.
Unknown command.
You're too confused!
Unknown command.
Unknown command.
You feel better. The large abomination hits you!
* * * LOW HITPOINT WARNING * * *
The large abomination hits you!
* * * LOW HITPOINT WARNING * * *
The large abomination hits you but does no damage.
The large abomination misses you. You furiously retaliate!
You headbutt the large abomination, but do no damage.
The titanic slime creature hits you!!!
You die... #### #...## .x.X.. .#'#3.# ##G##XX### #.zG#XZXX##

#####xXJXx##
.X..G22@XX.#
#...GGX§##XX#
+.#...#X.+xX#
#....X#..# .#
x....x###x. #
#####..JJ..#
#GzG#....###
##.##x.###


You could see 2 cacodemons, a titanic slime creature, a very large slime
creature, a large slime creature, a soul eater, 2 shining eyes, 2 glowing orange
brains, 17 large abominations, 4 small abominations, 2 flying skulls, a floating
eye, 2 golden eyes, 4 macabre masses and a spiny frog skeleton.

Vanquished Creatures
  the Royal Jelly (Slime:5)
  Nikola (Snake:1)
  Jorgrun (Vaults:2)
  A tentacled monstrosity (Abyss:1)
  2 deep elf blademasters (Elf:3)
  22 acid blobs
  Asterion (Snake:2)
  A deep elf master archer (Elf:3)
  Frances (Snake:1)
  3 tentacled starspawn
  An Executioner (Abyss:4)
  2 thorn hunters
  Donald (Swamp:2)
  A tengu reaver (Vaults:2)
  Kirke (Lair:6)
  8 azure jellies
  11 nagarajas
  3 deep elf sorcerers (Elf:3)
  A vault warden (Vaults:2)
  Louise (Snake:1)
  3 orc warlords
  3 deep elf elementalists (Elf:3)
  An ironheart preserver (Vaults:2)
  A stone giant (Orc:2)
  5 deep elf demonologists
  5 deep elf annihilators
  A dire elephant (Lair:6)
  4 deep elf death magi (Elf:3)
  An ettin (D:14)
  A death ooze (Slime:5)
  A yaktaur captain (D:15)
  3 fire dragons (Swamp:4)
  Josephine (Orc:1)
  Fannar (Orc:1)
  3 great orbs of eyes
  Harold (D:10)
  7 hydras
  32 naga warriors
  A vault guard (Vaults:2)
  A rakshasa (Abyss:1)
  2 ice dragons
  A ghost crab (Swamp:2)
  7 centaur warriors
  11 anacondas
  4 two-headed ogres
  Erolcha (D:10)
  9 dancing weapons
  8 alligators
  A tengu warrior (D:11)
  17 naga sharpshooters
  Urug (D:10)
  8 shock serpents
  10 death yaks
  4 orc high priests
  A sun demon (Lair:6)
  4 skeletal warriors
  A fire crab (Swamp:4)
  2 salamander mystics
  A fire crab (shapeshifter) (Vaults:1)
  8 deep elf knights
  A sixfirhy (Abyss:2)
  2 spatial maelstroms (Abyss:1)
  3 unseen horrors
  A spriggan druid (Swamp:3)
  6 wizards
  4 shambling mangroves
  2 sea snakes (Snake:1)
  7 naga ritualists
  8 deep elf archers
  A glowing orange brain (Abyss:4)
  A starcursed mass (Abyss:1)
  2 lindwurms (Swamp:4)
  8 swamp dragons
  A phantasmal warrior (D:11)
  A mana viper (shapeshifter) (Elf:1)
  7 orc sorcerers
  50 deep elf magi
  6 orc knights
  2 wolf spiders (Vaults:1)
  2 oklob plants (Lair:6)
  3 manticores
  13 ugly things
  8 mana vipers
  A shining eye (Slime:1)
  7 salamanders
  10 elephants
  An elephant (shapeshifter) (D:14)
  2 ice statues (IceCv)
  28 black mambas
  Maurice (Orc:1)
  22 naga magi
  2 vault sentinels (Vaults:1)
  11 guardian serpents
  21 spiny frogs
  5 eyes of devastation
  An orange demon (Abyss:2)
  3 rime drakes
  3 yaktaurs
  An efreet (D:13)
  5 freezing wraiths
  3 komodo dragons
  5 trolls
  3 ice devils (Lair:6)
  A red devil (Lair:6)
  A tengu conjurer (D:11)
  A hellwing (Lair:6)
  A meliai (shapeshifter) (D:15)
  2 polar bears
  13 hornets
  3 meliai
  5 large abominations
  5 tyrant leeches
  8 bog bodies
  126 slime creatures
  13 blink frogs
  8 hippogriffs
  A frost giant simulacrum (Vaults:1)
  5 small abominations
  A flying skull (Abyss:4)
  A tarantella (shapeshifter) (D:15)
  3 shadows
  A vampire (D:13)
  An air elemental (Elf:1)
  A black mamba zombie (Abyss:1)
  A wyvern (D:13)
  A wyvern (shapeshifter) (Elf:2)
  61 yaks
  3 spriggans
  A human (D:11)
  3 wraiths (Orc:1)
  A fire bat (Abyss:2)
  6 basilisks
  16 golden eyes
  3 fire elementals
  4 hungry ghosts
  4 steam dragons (Swamp:4)
  A water elemental (Elf:2)
  11 hogs
  14 vampire mosquitoes
  3 wargs
  90 nagas
  11 swamp worms
  6 insubstantial wisps (Swamp:4)
  5 hell hounds (Lair:6)
  An acid dragon (D:15)
  2 floating eyes
  A hornet zombie (D:10)
  5 porcupines
  15 water moccasins
  2 black bears
  40 orc warriors
  17 swamp drakes
  A sky beast (D:12)
  10 ice beasts
  8 eyes of draining
  A necrophage (D:12)
  7 ogres
  27 wolves (Lair:4)
  A tengu (shapeshifter) (Vaults:1)
  8 crocodiles
  9 centaurs
  2 big kobolds (D:6)
  12 bullfrogs
  4 earth elementals
  2 wyvern skeletons
  5 scorpions
  21 wights
  2 electric eels (Lair:4)
  2 howler monkeys (D:10)
  8 crimson imps
  A bullfrog zombie (D:11)
  9 jellies
  A quasit (Abyss:1)
  29 orc priests
  6 centaur zombies
  6 hounds
  4 centaur skeletons
  2 bullfrog skeletons
  34 orc wizards
  5 iguanas
  16 worker ants
  The ghost of 4thArraOfDagon the Shooter, a weakling HaWn (D:4)
  2 hound zombies
  A howler monkey zombie (D:10)
  4 gnolls (Orc:2)
  A howler monkey skeleton (D:6)
  22 adders
  2 shadow imps
  A white imp (Abyss:1)
  An ufetubus (Abyss:1)
  10 oozes
  2 adder skeletons
  2 worms
  5 leopard geckos
  103 orcs
  9 giant cockroaches
  6 goblins
  7 hobgoblins
  9 jackals
  16 kobolds
  5 quokkas
  8 ball pythons
  5 bats
  12 frilled lizards
  2 leopard gecko zombies
  10 rats
  5 crawling corpses (Elf:3)
  3 plants (Lair:5)
  3 starspawn tentacles
1544 creatures vanquished.

Vanquished Creatures (collateral kills)
  A deep elf blademaster (Elf:3)
  2 azure jellies (Slime:5)
  A death ooze (Slime:5)
  A small abomination (Elf:3)
5 creatures vanquished.

Vanquished Creatures (others)
  A deep elf master archer (Elf:3)
  A deep elf blademaster (Elf:3)
  The ghost of zkyp the Executioner, an adept MiEn of Trog (Snake:4)
  5 deep elf sorcerers (Elf:3)
  A deep elf elementalist (Elf:3)
  2 deep elf demonologists (Elf:3)
  3 deep elf annihilators (Elf:3)
  2 deep elf death magi (Elf:3)
  4 deep elf high priests (Elf:3)
  10 hydras
  3 centaur warriors (D:14)
  A vault guard (D:10)
  3 naga warriors
  A death knight (D:12)
  A deep troll earth mage (D:14)
  A dancing weapon (Elf:3)
  An orc high priest (Orc:2)
  2 naga sharpshooters (Snake:4)
  A deep elf knight (Elf:3)
  A deep troll (D:14)
  A naga ritualist (Snake:1)
  3 shining eyes
  3 manticores
  A deep elf mage (Elf:3)
  A cyclops (D:12)
  An elephant (Lair:5)
  A naga mage (Snake:1)
  A red devil (Lair:6)
  A hornet (D:14)
  A slime creature (D:6)
  A tarantella (shapeshifter) (D:14)
  A shadow (D:14)
  A steam dragon (D:8)
  6 nagas
  A porcupine (Lair:4)
  2 orc warriors
  2 swamp drakes (Swamp:4)
  A boggart (D:14)
  An ogre (D:6)
  2 wolves (Lair:4)
  An earth elemental (Elf:3)
  An iguana (D:6)
  A crawling corpse (Elf:3)
  9 fungi
  5 plants
  8 starspawn tentacles
  7 toadstools (D:6)
109 creatures vanquished.

Grand Total: 1658 creatures vanquished

Notes
Turn   | Place    | Note
-------+----------+-------------------------------------------
     0 | Abyss:1  | 4thArraOfDagon the Minotaur Abyssal Knight began the quest for the Orb.
     0 | Abyss:1  | Reached XP level 1. HP: 19/19 MP: 1/1
    39 | Abyss:1  | Noticed a small abomination
    44 | Abyss:1  | Noticed a thrashing horror
    46 | D:1      | Escaped the Abyss
   185 | D:2      | Reached XP level 2. HP: 18/27 MP: 2/2
   253 | D:2      | Reached * piety under Lugonu
   269 | D:2      | Reached skill level 3 in Axes
   422 | D:3      | Reached XP level 3. HP: 30/33 MP: 3/3
   439 | D:3      | Noticed a water moccasin
   554 | D:2      | Found a shimmering altar of Xom.
   555 | D:2      | Found a hazy altar of Hepliaklqana.
   557 | D:2      | Found a burning altar of Makhleb.
   690 | D:2      | Reached ** piety under Lugonu
   703 | D:2      | Reached XP level 4. HP: 38/40 MP: 5/5
   907 | D:3      | Reached skill level 4 in Axes
   912 | D:3      | Reached XP level 5. HP: 38/46 MP: 6/6
  1058 | D:3      | Reached skill level 5 in Axes
  1146 | D:4      | Noticed 4thArraOfDagon's ghost (weakling HaWn)
  1159 | D:4      | Killed 4thArraOfDagon's ghost
  1159 | D:4      | Reached XP level 6. HP: 49/53 MP: 7/7
  1306 | D:4      | Found a glowing drain.
  1310 | Sewer    | Entered a sewer
  1396 | Sewer    | Reached *** piety under Lugonu
  1576 | D:5      | Entered Level 5 of the Dungeon
  1675 | D:5      | Reached skill level 5 in Fighting
  1851 | D:6      | Reached skill level 6 in Axes
  1851 | D:6      | Reached XP level 7. HP: 53/61 MP: 8/8
  2411 | D:6      | Noticed Eustachio
  2448 | D:7      | Found Doewots's Gadget Shoppe.
  2448 | D:7      | Noticed Joseph
  2753 | D:6      | Reached skill level 7 in Axes
  2779 | D:6      | Reached skill level 5 in Armour
  2779 | D:6      | Reached XP level 8. HP: 47/69 MP: 7/10
  2817 | D:6      | Noticed a slime creature
  2859 | D:6      | Banished a slime creature
  3134 | D:6      | Noticed a hippogriff
  3145 | D:6      | Killed a hippogriff
  3145 | D:6      | Reached skill level 8 in Axes
  3162 | D:6      | Reached skill level 5 in Invocations
  3172 | D:6      | Found a staircase to the Ecumenical Temple.
  3220 | D:6      | Identified the Disquisition on Fiery Talismans
  3652 | D:8      | Reached skill level 5 in Dodging
  3652 | D:8      | Reached XP level 9. HP: 23/78 MP: 12/12
  3824 | D:8      | Reached **** piety under Lugonu
  3862 | D:8      | Found a shattered altar of Ashenzari.
  4065 | D:9      | Got a steaming falchion
  4066 | D:9      | Identified the cursed +1 falchion of Triumph {freeze, rElec rPois MP-9} (You found it on level 9 of the Dungeon)
  4069 | D:9      | Identified a scroll of acquirement
  4172 | D:9      | Paralysed by fainting for 11 turns
  4226 | D:9      | Reached skill level 9 in Axes
  4566 | D:10     | Entered Level 10 of the Dungeon
  4669 | D:10     | Noticed Syneil's ghost (journeyman GrGl)
  4818 | D:10     | Killed an unseen horror
  4818 | D:10     | Reached skill level 10 in Axes
  4847 | D:10     | Reached XP level 10. HP: 40/88 MP: 13/13
  4946 | D:10     | Noticed Erolcha
  4960 | D:10     | Killed Erolcha
  5055 | D:10     | Paralysed by fainting for 8 turns
  5125 | D:10     | Noticed Harold
  5148 | D:10     | Killed Harold
  5148 | D:10     | Reached skill level 11 in Axes
  5173 | D:10     | Noticed a vault guard
  5174 | D:10     | Banished a vault guard
  5179 | D:10     | Found a portal to a secret trove of treasure.
  5448 | D:12     | Reached skill level 12 in Axes
  5457 | D:12     | Killed an unseen horror
  5457 | D:12     | Reached XP level 11. HP: 41/97 MP: 15/15
  6099 | D:11     | Noticed a two-headed ogre
  6120 | D:11     | Killed a two-headed ogre
  6209 | D:11     | Noticed a red ugly thing
  6223 | D:11     | Killed a red ugly thing
  6226 | D:11     | Gained mutation: Your natural rate of healing is unusually fast. [mutagenic meat]
  6227 | D:11     | Gained mutation: Your muscles are strong. (Str +2) [mutagenic meat]
  6228 | D:11     | Gained mutation: Your muscles are very strong. (Str +4) [mutagenic meat]
  6229 | D:11     | Gained mutation: You have large cloven feet. [mutagenic meat]
  6511 | D:11     | Got an iridescent spear
  6515 | D:11     | Found a runed door.
  6598 | D:11     | Reached skill level 13 in Axes
  6599 | D:11     | Noticed a tengu warrior
  6606 | D:11     | Killed a tengu warrior
  6612 | D:11     | Got a clouded amber ring
  6658 | D:11     | Noticed a seven-headed hydra
  6666 | D:11     | Banished a seven-headed hydra
  6679 | D:11     | Reached skill level 10 in Fighting
  6687 | D:11     | Noticed a wizard
  6704 | D:11     | Killed a wizard
  6752 | D:11     | Got a bloodstained ring mail
  6764 | D:11     | Got a scorched helmet
  6766 | D:11     | Identified the ring of the Bruised Wars {SInv Stlth+} (You took it off a tengu warrior on level 11 of the Dungeon)
  6777 | D:11     | Identified the +1 ring mail "Zida" {rC- Str+5 SInv Stlth+} (You found it on level 11 of the Dungeon)
  7125 | D:10     | Noticed Urug
  7129 | D:10     | Killed Urug
  7168 | D:10     | Reached XP level 12. HP: 100/106 MP: 17/17
  7288 | D:12     | Noticed a death knight
  7371 | D:12     | Reached skill level 10 in Armour
  7431 | D:13     | Reached ***** piety under Lugonu
  7470 | D:14     | Reached skill level 14 in Axes
  7581 | D:14     | Found a runed door.
  7710 | D:14     | Noticed a centaur warrior
  7710 | D:14     | Noticed a six-headed hydra
  7710 | D:14     | Noticed a deep troll earth mage
  7711 | D:14     | Corrupted D:14
  7711 | D:14     | Noticed a brown very ugly thing
  7713 | D:14     | Noticed a tentacled starspawn
  7724 | D:14     | Noticed a centaur warrior
  7726 | D:14     | Banished a centaur warrior
  7726 | D:14     | Killed a deep troll earth mage
  7737 | D:14     | Killed a six-headed hydra
  7759 | D:14     | Killed a centaur warrior
  7772 | D:14     | Gained mutation: You have a pair of large horns on your head. [mutagenic meat]
  7773 | D:14     | Gained mutation: You are partially covered in thin metallic scales. (AC +2) [mutagenic meat]
  7775 | D:14     | Killed a centaur warrior
  7788 | D:14     | Killed a centaur warrior
  7804 | D:14     | Noticed a Hell Sentinel
  7810 | D:14     | Got a brightly glowing glass ring
  7812 | D:14     | Identified the ring "Rumeib" {rN+ MR+ Dex+4 Stlth+} (You found it on level 14 of the Dungeon)
  7820 | D:14     | Got a twisted scale mail
  7836 | D:14     | Identified the +1 scale mail of Wecw {rElec rN+ Dex+4} (You found it on level 14 of the Dungeon)
  7940 | D:15     | Entered Level 15 of the Dungeon
  8002 | D:15     | Noticed a six-headed hydra
  8004 | D:15     | Banished a six-headed hydra
  8008 | D:15     | Noticed a centaur warrior
  8010 | D:15     | Found Taqahosa's Antique Armour Shop.
  8013 | D:15     | Bought a pair of transparent gloves for 256 gold pieces
  8013 | D:15     | Bought an embroidered scarf for 216 gold pieces
  8015 | D:15     | Killed a centaur warrior
  8045 | D:15     | Identified the +1 pair of gloves of the Townfolk {rElec rC+} (You bought it in a shop on level 15 of the Dungeon)
  8073 | D:15     | Noticed a centaur warrior
  8085 | D:15     | Killed a centaur warrior
  8162 | D:15     | Noticed a centaur warrior
  8175 | D:15     | Killed a centaur warrior
  8175 | D:15     | Reached skill level 15 in Axes
  8175 | D:15     | Reached XP level 13. HP: 95/116 MP: 19/19
  8190 | D:15     | Found a staircase to the Depths.
  8243 | D:15     | Found Mayj's General Store.
  8325 | D:15     | Reached skill level 10 in Invocations
  8428 | D:15     | Got a distressingly furry hat
  8486 | D:15     | Found Lulam's Antique Armour Shoppe.
  8489 | D:15     | Bought a scroll of teleportation for 39 gold pieces
  8681 | D:14     | Identified the +1 hat of Jamyst {Str+2 Dex+2} (You found it on level 15 of the Dungeon)
  8818 | D:13     | Reached skill level 10 in Dodging
  9195 | D:12     | Found a staircase to the Orcish Mines.
  9228 | Orc:1    | Entered Level 1 of the Orcish Mines
  9228 | Orc:1    | Noticed Maurice
  9228 | Orc:1    | Noticed Josephine
  9232 | Orc:1    | Killed Josephine
  9235 | Orc:1    | Killed Maurice
  9256 | Orc:1    | Noticed Fannar
  9272 | Orc:1    | Killed Fannar
  9532 | Orc:1    | Reached skill level 16 in Axes
  9562 | Orc:1    | Noticed an orc warlord
  9680 | Orc:1    | Killed an orc warlord
  9825 | Orc:2    | Entered Level 2 of the Orcish Mines
 10145 | Orc:2    | Found a staircase to the Elven Halls.
 10161 | Orc:2    | Noticed a stone giant
 10177 | Orc:2    | Killed a stone giant
 10213 | Orc:2    | Reached skill level 17 in Axes
 10239 | Orc:2    | Reached XP level 14. HP: 80/126 MP: 20/20
 10255 | Orc:2    | Reached ****** piety under Lugonu
 10404 | Orc:2    | Noticed an orc warlord
 10435 | Orc:2    | Killed an orc warlord
 10655 | Orc:2    | Reached skill level 18 in Axes
 10796 | Orc:2    | Found Eschemem's Antique Armour Boutique.
 10797 | Orc:2    | Found Bailuthru's Antique Weapon Shop.
 10798 | Orc:2    | Found Zueten's General Store.
 10798 | Orc:2    | Found Morhugec's Book Boutique.
 11019 | D:15     | Bought a spiked plate armour for 756 gold pieces
 11029 | D:15     | Identified the +5 plate armour "Jointis" {rN+++ rCorr Dex-5 Slay+3} (You bought it in a shop on level 15 of the Dungeon)
 11211 | Elf:1    | Entered Level 1 of the Elven Halls
 11363 | Elf:1    | Reached skill level 19 in Axes
 11817 | Elf:1    | Reached skill level 20 in Axes
 11916 | Elf:1    | Identified the Guide on Confrontation
 11937 | Elf:1    | Noticed Roxanne
 12077 | Elf:1    | Reached XP level 15. HP: 59/132 MP: 21/21
 12319 | Elf:1    | Reached skill level 21 in Axes
 12328 | Elf:1    | Noticed an orc warlord
 12347 | Elf:1    | Killed an orc warlord
 12493 | Elf:2    | Got a scorched executioner's axe
 12494 | Elf:2    | Identified the +5 executioner's axe "Wug Qizo" {drain, +Inv rF- SInv} (You acquired it on level 2 of the Elven Halls)
 12583 | Elf:2    | Lost mutation: You are partially covered in thin metallic scales. (AC +2) [mutagenic meat]
 12616 | Elf:2    | Found an ancient bone altar of Kikubaaqudgha.
 12713 | Elf:3    | Entered Level 3 of the Elven Halls
 12888 | Elf:2    | Escaped the Abyss
 13272 | Elf:3    | Noticed a deep elf sorcerer
 13272 | Elf:3    | Corrupted Elf:3
 13273 | Elf:3    | Noticed a deep elf sorcerer
 13273 | Elf:3    | Noticed a deep elf sorcerer
 13274 | Elf:3    | Noticed a deep elf blademaster
 13274 | Elf:3    | Noticed a deep elf sorcerer
 13275 | Elf:3    | Noticed a deep elf sorcerer
 13277 | Elf:3    | Killed a deep elf sorcerer
 13281 | Elf:3    | Killed a deep elf sorcerer
 13284 | Elf:3    | Killed a deep elf sorcerer
 13294 | Elf:3    | Killed a deep elf blademaster
 13294 | Elf:3    | Killed a deep elf sorcerer
 13305 | Elf:3    | Killed a deep elf master archer
 13310 | Elf:3    | Killed a deep elf sorcerer
 13378 | Elf:3    | Noticed a deep elf sorcerer
 13384 | Elf:3    | Killed a deep elf sorcerer
 13456 | Elf:3    | Cast into level 2 of the Abyss (a deep elf demonologist)
 13527 | Abyss:2  | Noticed a tentacled starspawn
 13541 | Abyss:2  | Killed a tentacled starspawn
 13569 | Abyss:2  | Reached skill level 22 in Axes
 13606 | Elf:3    | Escaped the Abyss
 13614 | Elf:3    | Noticed a deep elf master archer
 13637 | Elf:3    | Killed a deep elf master archer
 13749 | Elf:3    | Noticed a deep elf blademaster
 13762 | Elf:3    | Killed a deep elf blademaster
 13781 | Elf:3    | Noticed a deep elf sorcerer
 13785 | Elf:3    | Noticed a deep elf blademaster
 13794 | Elf:3    | Killed a deep elf sorcerer
 13800 | Elf:3    | Killed a ghostly deep elf sorcerer
 13801 | Elf:3    | Reached XP level 16. HP: 65/144 MP: 22/22
 13804 | Elf:3    | Killed a deep elf blademaster
 14008 | Elf:3    | Noticed an Executioner
 14129 | Elf:3    | Got a steaming marble ring
 14135 | Elf:3    | Identified the ring "Eligivuv" {rPois rF++ Stlth+} (You took it off a deep elf sorcerer on level 3 of the Elven Halls)
 14177 | Elf:3    | Noticed a deep elf blademaster
 14183 | Elf:3    | Killed a deep elf blademaster
 14676 | Elf:3    | Got a fine lead ring
 14690 | Elf:3    | Got a wavering garnet amulet
 14693 | Elf:3    | Identified the Catalogue of the Louse
 14695 | Elf:3    | Got a spiked plate armour
 14716 | Elf:3    | Learned a level 8 spell: Controlled Blink
 14719 | Elf:3    | Learned a level 2 spell: Swiftness
 14723 | Elf:3    | Learned a level 3 spell: Regeneration
 14724 | Elf:3    | Got a steaming graven amulet
 14754 | Elf:3    | Identified the cursed +1 plate armour of the Duke {rN+ Int+4} (You found it on level 3 of the Elven Halls)
 14766 | Elf:3    | Identified the amulet of Buof {RegenMP Dex+3} (You found it on level 3 of the Elven Halls)
 14768 | Elf:3    | Identified the amulet of Kozuxeczu {Harm *Drain rC++ Int-3 Dex+7} (You found it on level 3 of the Elven Halls)
 14938 | Orc:2    | Bought a scroll of blinking for 120 gold pieces
 14938 | Orc:2    | Bought a potion of heal wounds for 80 gold pieces
 14940 | Orc:2    | Identified the ring "Ytom" {rElec MR+ MP+9 Str-4} (You found it on level 3 of the Elven Halls)
 15166 | D:9      | Found a staircase to the Lair.
 15173 | D:9      | Reached skill level 1 in Evocations
 15187 | Lair:1   | Entered Level 1 of the Lair of Beasts
 15875 | Lair:3   | Found a staircase to the Snake Pit.
 15965 | Lair:4   | Reached skill level 23 in Axes
 15994 | Lair:4   | Reached skill level 1 in Spellcasting
 16134 | Lair:4   | Found a staircase to the Swamp.
 16337 | Lair:5   | Found a staircase to the Slime Pits.
 16494 | Lair:5   | Found a frozen archway.
 16521 | IceCv    | Entered an ice cave
 16535 | IceCv    | Gained mutation: You are resistant to hostile enchantments. (MR+) [mutagenic meat]
 16536 | IceCv    | Gained mutation: You can translocate small distances at will. [mutagenic meat]
 16538 | IceCv    | Found a transporter.
 16749 | Lair:6   | Entered Level 6 of the Lair of Beasts
 16832 | Lair:6   | Reached XP level 17. HP: 147/152 MP: 24/24
 17029 | Lair:6   | Found a burning altar of Makhleb.
 17052 | Lair:6   | Found a gateway to Hell.
 17183 | Lair:6   | Noticed Kirke
 17191 | Lair:6   | Killed Kirke
 17380 | Swamp:1  | Entered Level 1 of the Swamp
 17688 | Swamp:2  | Noticed Donald
 17696 | Swamp:2  | Killed Donald
 17860 | Swamp:4  | Entered Level 4 of the Swamp
 18440 | Swamp:1  | Reached XP level 18. HP: 162/162 MP: 25/25
 18497 | Snake:1  | Entered Level 1 of the Snake Pit
 18497 | Snake:1  | Found Onasyky's Magic Scroll Shoppe.
 18528 | Snake:1  | Reached skill level 15 in Fighting
 18558 | Snake:1  | Noticed Frances
 18570 | Snake:1  | Killed Frances
 18638 | Snake:1  | Noticed Nikola
 18652 | Snake:1  | Reached skill level 24 in Axes
 18658 | Snake:1  | Killed Nikola
 18683 | Abyss:1  | Learned a level 3 spell: Spectral Weapon
 18712 | Abyss:1  | Found an iron altar of Okawaru.
 18781 | Abyss:2  | Noticed a tentacled monstrosity
 18792 | Abyss:3  | Found a bloodstained altar of Trog.
 18803 | Snake:1  | Escaped the Abyss
 18838 | Snake:1  | Noticed Louise
 18857 | Snake:1  | Killed Louise
 18923 | Snake:1  | Reached skill level 1 in Necromancy
 19174 | Snake:2  | Noticed Asterion
 19175 | Snake:2  | Reached skill level 1 in Charms
 19283 | Snake:2  | Reached skill level 15 in Armour
 19508 | Snake:2  | Killed Asterion
 20010 | Snake:4  | Entered Level 4 of the Snake Pit
 20279 | Snake:4  | Noticed zkyp's ghost (adept MiEn)
 20489 | Abyss:1  | Reached XP level 19. HP: 113/170 MP: 27/27
 20527 | Snake:4  | Escaped the Abyss
 20550 | Abyss:1  | Got a brightly glowing golden amulet
 20727 | Snake:4  | Escaped the Abyss
 20735 | Snake:4  | HP: 8/170 [naga warrior/dire flail (19)]
 20735 | Snake:4  | HP: 1/170 [naga warrior/dire flail (7)]
 20744 | Snake:4  | HP: 7/170 [naga sharpshooter/arrow (19)]
 21093 | Snake:4  | Corrupted Snake:4
 21093 | Snake:4  | Noticed a profane servitor
 21108 | Snake:4  | Killed zkyp's ghost
 21456 | Snake:4  | Reached skill level 5 in Spellcasting
 21496 | Snake:4  | Got a serpentine rune of Zot
 21614 | Snake:4  | Reached skill level 5 in Necromancy
 22242 | Swamp:4  | Got a decaying rune of Zot
 22468 | Slime:1  | Entered Level 1 of the Pits of Slime
 22480 | Slime:1  | Gained mutation: Your magical capacity is low. (-10% MP) [a shining eye]
 22739 | Slime:2  | Paralysed by a floating eye for 3 turns
 22754 | Slime:2  | Reached XP level 20. HP: 82/180 MP: 25/25
 22952 | Slime:2  | Gained mutation: You are dopey. (Int -2) [a shining eye]
 23077 | Slime:5  | Entered Level 5 of the Pits of Slime
 23111 | Slime:5  | Reached skill level 25 in Axes
 23210 | Slime:5  | Noticed the Royal Jelly
 23347 | Slime:4  | Reached skill level 5 in Charms
 23759 | Slime:5  | Pekkekk: going for MiAK high score?
 23772 | Slime:5  | Pekkekk: or just having a casual free win?
 23886 | Slime:5  | 4thArraOfDagon: o hi
 23886 | Slime:5  | 4thArraOfDagon: just win
 23886 | Slime:5  | 4thArraOfDagon: Im failing to capitalize anything recently
 23899 | Slime:5  | Found a viscous altar of Jiyva.
 24064 | Slime:5  | Killed the Royal Jelly
 24097 | Slime:5  | Got a vibrating sapphire amulet
 24105 | Slime:5  | Identified the amulet of Mem Miwk {RegenMP rElec Slay+3} (You found it on level 1 of the Abyss)
 24119 | Slime:5  | Got an encrusted morningstar
 24130 | Slime:5  | Identified the +7 morningstar of the Swamp {drain, *Noise rF+ Int+4} (You found it on level 5 of the Pits of Slime)
 24132 | Slime:5  | Got a translucent cloak
 24136 | Slime:5  | Got a slimy rune of Zot
 24195 | Slime:5  | Identified the +2 cloak of Durop {Dex+2 SInv} (You found it on level 5 of the Pits of Slime)
 24732 | D:14     | Found a gate to the Vaults.
 24739 | Vaults:1 | Entered Level 1 of the Vaults
 25143 | Lair:6   | Fell from the grace of Lugonu
 25143 | Lair:6   | Became a worshipper of Makhleb the Destroyer
 25639 | Vaults:1 | Got an ebony arbalest
 25639 | Vaults:1 | Got a heavily runed scarf
 25650 | Vaults:1 | Identified the scarf of Loss {rF- rC+ Str+2 SInv} (You acquired it on level 1 of the Vaults)
 25794 | Vaults:2 | Reached XP level 21. HP: 189/189 MP: 26/26
 25799 | Vaults:2 | Noticed Jorgrun
 25805 | Vaults:2 | Killed Jorgrun
 25840 | Vaults:2 | Identified the amulet "Bofixt" {Faith rN+ Int+3} (You found it on level 5 of the Pits of Slime)
 25857 | Vaults:2 | Reached * piety under Makhleb
 25901 | Vaults:2 | Noticed Sojobo
 25910 | Vaults:2 | Cast into level 4 of the Abyss (Lugonu's touch)
 25916 | Abyss:4  | Paralysed by a floating eye for 2 turns
 25920 | Abyss:4  | Pekkekk: rip?
 25920 | Abyss:4  | HP: 4/190 [large abomination (19)]
 25920 | Abyss:4  | Annihilated by a titanic slime creature

Vault maps used:
D:1:      scummos_arrival_simple_crosswalls
D:2:      nicolae_overflow_hidden_temple
D:3:      serial_undead, serial_undead_f, serial_undead_e, serial_undead_f,
          serial_undead_c
D:4:      gup_sewer_entry_bowl
D:5:      black_bear_nest_2, first_bread
D:6:      cheibrodos_fertilizer, marbit_many_paths,
          minmay_temple_entry_statues_fountains, uniq_eustachio
D:7:      serial_shops, shop, uniq_joseph
D:8:      ashenzari_altar_1, serial_glass, glass_columns_a, glass_columns_a,
          glass_columns_a, glass_columns_b, item_on_display_a, feat_on_display
D:9:      dpeg_lair_monsters
D:10:     enter_trove_5, uniq_urug, uniq_harold, uniq_erolcha
D:11:     minmay_the_grid_triangle_9x9_rhombus_full, grunt_livestock
D:12:     orc_0_dummy
D:14:     david_vaults_4, kennysheep_nondescript, minmay_st_funbox
D:15:     grunt_enter_depths_snipers, serial_shops, shop,
          nicolae_shop_behind_doors, nicolae_shop_waterfront, minivault_1
Lair:1:   beast_lair_carwin_6
Lair:2:   grunt_megastairs_4, serial_bayou_shore_b
Lair:3:   dpeg_oklob_gauntlet, minmay_snake_entry_six_corridors
Lair:4:   minmay_swamp_entry_swarm, serial_bayou_ford_a,
          grunt_forest_large_clearings
Lair:5:   nicolae_slime_entry_slimehenge, portal_ice_cave_entry_pillars_1
Lair:6:   evil_forest, uniq_kirke
Swamp:1:  evilmike_swamp_ruin_wall, infiniplex_staircase_pool
Swamp:2:  serial_swamp_ruin, evilmike_swamp_ruin_rubble_2,
          evilmike_swamp_ruin_house_5, evilmike_swamp_ruin_house_2, uniq_donald
Swamp:3:  evilmike_swamp_ruin_house_1, swamp_pool1, nicolae_swamp_dense_foliage
Swamp:4:  swamp_fiery
Snake:1:  nicolae_snake_hallway, serial_shops, shop_scrolls, grunt_megastairs_5,
          serial_bayou_shore_a, uniq_nikola, uniq_louise, uniq_frances
Snake:2:  spider_trap, grunt_ministairs_15, nicolae_coiled_stairwell_up,
          uniq_asterion
Snake:3:  lemuel_fruit_tree, grunt_megastairs_2, serial_bayou_shore_b
Snake:4:  grunt_snake_rune_spirals
Slime:1:  cheibrodos_slime_lost_civilization_5
Slime:2:  cheibrodos_slime_lost_civilization_6
Orc:1:    cheibrodos_orc_arena, uniq_maurice, uniq_fannar, uniq_josephine
Orc:2:    st_orc_congregation
Elf:1:    special_room, minmay_elf_crystal_hexagon, minmay_elf_annihilation,
          uniq_roxanne
Elf:2:    basic_altar
Elf:3:    minmay_elf_hall_hex, st_stairs_5, minmay_misc_feat_five
Vaults:1: nicolae_vaults_fighting_squares, nicolae_vaults_little_squares_4,
          vaults_dpeg_spiral, hangedman_vaults_hat, v_rooms_5,
          ontoclasm_vaults_loading_screen, ontoclasm_vaults_claustrophobia,
          vaults_mumra_lcd, nicolae_vaults_yaktaur_gun_rack,
          nicolae_vaults_little_ls, ontoclasm_vaults_loading_screen
Vaults:2: nicolae_vaults_three_branches, nicolae_vaults_windows_and_doors_thing,
          nicolae_vaults_circle_grid_a, ontoclasm_vaults_gateway,
          ontoclasm_vaults_twist, v_misc_4, minmay_crypt_entry_nasty_monster,
          vaults_mumra_chevron_long, hangedman_vaults_slither,
          hangedman_vaults_unwind, nicolae_vaults_shelves_hall,
          vaults_dpeg_hooks, grunt_vaults_funnel, vaults_dpeg_diagonal,
          uniq_sojobo, uniq_jorgrun
Abyss:2:  small_statue_intersection, guppyfry_abyss_exit_spiral_guarded,
          hangedman_illusive_loot, hangedman_eye_storm
Abyss:4:  hangedman_abyss_rune_macabre_mess
Sewer:    sewer_frog_island_01
IceCv:    ice_cave_statue_garden_teleport

Skill      XL: |  1  2  3  4  5  6  7  8  9 10 11 12 13 14 15 16 17 18 19 20 |
---------------+-------------------------------------------------------------+-----
Invocations    | 2 3 4 5 6 7 8 9 10 11 12 13 | 13.3
Axes           | 3 4 5 6 7 8 10 12 13 15 17 20 22 23 24 25 | 25.3
Dodging        | 2 3 4 5 7 8 9 10 11 12 13 14 | 14.1
Fighting       | 4 5 6 7 9 10 11 12 13 14 15 16 | 16.8
Armour         | 3 5 7 8 9 11 12 13 14 15 16 | 16.2
Evocations     | 3 4 |  4.3
Spellcasting   | 1 3 4 5 6 |  6.0
Necromancy     | 3 5 7 |  7.3
Charms         | 2 4 5 |  5.9

Action                   |  1- 3 |  4- 6 |  7- 9 | 10-12 | 13-15 | 16-18 | 19-21 || total
-------------------------+-------+-------+-------+-------+-------+-------+-------++-------
Melee: Hand axe          |    95 |   190 |   256 |       |       |       |       ||   541
       Headbutt          |     8 |    34 |    60 |   108 |   253 |   233 |   160 ||   856
       Broad axe         |       |       |   122 |   314 |       |       |       ||   436
       War axe           |       |       |       |   176 |   806 |       |       ||   982
       Executioner's axe |       |       |       |       |   187 |   987 |   662 ||  1836
Invok: Depart the Abyss  |     1 |       |       |       |     2 |     1 |     2 ||     6
       Banish            |       |       |    10 |    10 |     2 |    15 |     5 ||    42
       Corrupt           |       |       |       |     1 |     1 |       |     1 ||     3
       Enter the Abyss   |       |       |       |       |     1 |     2 |     1 ||     4
 Abil: Blink             |       |       |       |       |       |       |     1 ||     1
Evoke: Wand              |       |       |       |     1 |     6 |       |     9 ||    16
       Lightning rod     |       |       |       |     4 |     4 |     4 |       ||    12
       Box of beasts     |       |       |       |       |     1 |       |     1 ||     2
       Phantom mirror    |       |       |       |       |       |       |     1 ||     1
  Use: Scroll            |       |     3 |    13 |    10 |     8 |    15 |    20 ||    69
       Potion            |       |     1 |       |     5 |     7 |     2 |    13 ||    28
 Stab: Distracted        |       |       |       |       |     1 |       |     1 ||     2
       Confused          |       |       |       |       |       |     3 |       ||     3
  Eat: Chunk             |       |     3 |     7 |    18 |    13 |     7 |       ||    48
       Fruit             |       |       |     4 |     4 |     2 |     5 |     1 ||    16
       Bread ration      |       |       |     1 |     2 |       |       |     2 ||     5
       Meat ration       |       |       |     1 |     1 |       |     1 |     2 ||     5
       Royal jelly       |       |       |       |     1 |     7 |     7 |       ||    15
Armor: Leather armour    |    11 |       |       |       |       |       |       ||    11
       Chain mail        |    25 |   123 |   194 |   236 |       |       |       ||   578
       Skin              |       |       |       |     6 |       |       |       ||     6
       Scale mail        |       |       |       |    25 |    83 |       |       ||   108
       Plate armour      |       |       |       |       |   230 |   519 |   332 ||  1081
Dodge: Dodged            |    54 |    86 |   167 |   285 |   440 |   567 |   384 ||  1983
       Deflected         |       |       |       |     3 |    25 |    36 |    77 ||   141

Table legend:
 A = Spawn XP
 B = Non-spawn XP
 C = Spawn XP percentage of total XP
 D = Spawn monster count
 E = Non-spawn monster count
 F = Spawn count percentage of total count
 G = Total turns spent on level
                    A         B        C        D         E        F      G
               +---------+---------+-------+---------+---------+-------+---------
         Total |    5250 |  594721 |   0.9 |       7 |    1558 |   0.4 | 25920
               +---------+---------+-------+---------+---------+-------+---------
           D:1 |       0 |      14 |   0.0 |       0 |       9 |   0.0 |   163
           D:2 |       0 |     104 |   0.0 |       0 |      32 |   0.0 |   649
           D:3 |       0 |     216 |   0.0 |       0 |      28 |   0.0 |   296
           D:4 |       0 |     178 |   0.0 |       0 |      13 |   0.0 |   297
           D:5 |       0 |     229 |   0.0 |       0 |       7 |   0.0 |   527
           D:6 |       0 |    1209 |   0.0 |       0 |      31 |   0.0 |  1001
           D:7 |       0 |     518 |   0.0 |       0 |      18 |   0.0 |   323
           D:8 |       0 |     469 |   0.0 |       0 |      17 |   0.0 |   520
           D:9 |       0 |    3669 |   0.0 |       0 |      24 |   0.0 |   787
          D:10 |       0 |    6433 |   0.0 |       0 |      36 |   0.0 |   894
          D:11 |       0 |   11216 |   0.0 |       0 |      57 |   0.0 |  1556
          D:12 |       0 |    7583 |   0.0 |       0 |      44 |   0.0 |   946
          D:13 |       0 |    1921 |   0.0 |       0 |      22 |   0.0 |   597
          D:14 |       0 |    9426 |   0.0 |       0 |      28 |   0.0 |   665
          D:15 |       0 |   14023 |   0.0 |       0 |      39 |   0.0 |   744
        Lair:1 |       0 |    2985 |   0.0 |       0 |      16 |   0.0 |   388
        Lair:2 |       0 |    1842 |   0.0 |       0 |      11 |   0.0 |   217
        Lair:3 |       0 |    4259 |   0.0 |       0 |      26 |   0.0 |   398
        Lair:4 |       0 |   12930 |   0.0 |       0 |      65 |   0.0 |   422
        Lair:5 |       0 |   12558 |   0.0 |       0 |      40 |   0.0 |   485
        Lair:6 |       0 |   19008 |   0.0 |       0 |      54 |   0.0 |   673
       Swamp:1 |       0 |   10566 |   0.0 |       0 |      24 |   0.0 |   394
       Swamp:2 |       0 |   14262 |   0.0 |       0 |      33 |   0.0 |   306
       Swamp:3 |       0 |   15241 |   0.0 |       0 |      42 |   0.0 |   318
       Swamp:4 |       0 |   20450 |   0.0 |       0 |      44 |   0.0 |   392
       Snake:1 |       0 |   30454 |   0.0 |       0 |      46 |   0.0 |   616
       Snake:2 |       0 |   26778 |   0.0 |       0 |      48 |   0.0 |   621
       Snake:3 |       0 |   19684 |   0.0 |       0 |      41 |   0.0 |   543
       Snake:4 |       0 |   72074 |   0.0 |       0 |     123 |   0.0 |  1220
       Slime:1 |       0 |    5167 |   0.0 |       0 |      19 |   0.0 |   217
       Slime:2 |       0 |   20119 |   0.0 |       0 |      31 |   0.0 |   284
       Slime:3 |       0 |    8454 |   0.0 |       0 |      16 |   0.0 |   245
       Slime:4 |       0 |   18265 |   0.0 |       0 |      32 |   0.0 |   407
       Slime:5 |       0 |   57025 |   0.0 |       0 |      62 |   0.0 |   709
         Orc:1 |       0 |    7684 |   0.0 |       0 |      52 |   0.0 |   674
         Orc:2 |       0 |   16939 |   0.0 |       0 |     107 |   0.0 |  1167
         Elf:1 |       0 |   38253 |   0.0 |       0 |      70 |   0.0 |  1294
         Elf:2 |       0 |   15334 |   0.0 |       0 |      25 |   0.0 |   521
         Elf:3 |       0 |   43022 |   0.0 |       0 |      37 |   0.0 |  1619
      Vaults:1 |       0 |   13579 |   0.0 |       0 |      26 |   0.0 |   474
      Vaults:2 |       0 |   11343 |   0.0 |       0 |      11 |   0.0 |   146
       Abyss:1 |    3932 |    7748 |  33.7 |       4 |      10 |  28.6 |   546
       Abyss:2 |    1318 |    4043 |  24.6 |       3 |       7 |  30.0 |   283
       Abyss:4 |       0 |    4432 |   0.0 |       0 |       7 |   0.0 |    10
         Sewer |       0 |     158 |   0.0 |       0 |      18 |   0.0 |   225
         IceCv |       0 |    2857 |   0.0 |       0 |      10 |   0.0 |   126
               +---------+---------+-------+---------+---------+-------+---------
